AoeStats
← Boaty McBoatface

Arena

510725619Analyzed
2v2 RM · 1d ago on Oct 2, 2026· 45m 28s· 4 players
Game mode
Random Map
Map size
Medium (4 player)
Population
200
Speed
Normal
Resources
Standard
Victory
Conquest
Starting age
Dark Age
Ending age
Imperial Age
RankedLock teamsTeams togetherTeam positionsShared explorationLock speedFull tech treeHidden civsTurbo modeCheats
Victory
Defeat
🇺🇸 Bulgarians · United States
1169
+12
🇺🇸 Turks · United States
1163
+12
🇩🇪 Britons · Germany
1101
-13
🇩🇪 Saxons · Germany
1056
-11
Boaty McBoatface
0:36 Loom
10:44 Feudal Age
11:15 Double-Bit Axe
11:12 Horse Collar
16:13 Castle Age
15:27 Stone Mining
16:27 Wheelbarrow
20:35 Heavy Plow
20:49 Bow Saw
25:21 Hand Cart
25:24 Fletching
25:34 Padded Archer Armor
25:48 Forging
25:43 Scale Barding Armor
28:14 Iron Casting
28:22 Husbandry
28:49 Bloodlines
31:52 Scale Mail Armor
32:13 Chain Barding Armor
32:49 Elite Skirmisher
33:55 Chain Mail Armor
34:42 Gold Mining
35:23 Squires
37:00 Fletching
37:10 Padded Archer Armor
40:06 Imperial Age
41:41 Cavalier
IsInYourFacex77
10:16 Feudal Age
13:48 Castle Age
12:38 Double-Bit Axe
12:34 Horse Collar
14:03 Town Watch
14:44 Heavy Plow
14:56 Bow Saw
21:36 Fletching
23:36 Bodkin Arrow
25:07 Ballistics
25:20 Loom
31:32 Imperial Age
34:57 Onager
40:31 Bracer
40:39 Siege Engineers
CJDAWGG14
10:58 Feudal Age
15:23 Castle Age
14:48 Scale Mail Armor
15:28 Forging
15:33 Double-Bit Axe
16:27 Horse Collar
16:50 Gambesons
17:38 Squires
19:59 Chain Mail Armor
20:53 Arson
26:52 Gold Mining
28:59 Bow Saw
28:52 Loom
29:18 Pikeman
30:08 Heavy Plow
31:44 Wheelbarrow
31:40 Stone Mining
33:18 Iron Casting
36:07 Imperial Age
34:30 Scale Barding Armor
35:28 Hand Cart
35:56 Gold Shaft Mining
41:03 Conscription
44:07 Plate Mail Armor
44:38 Blast Furnace
44:47 Halberdier
TheLazyAssGamer
11:25 Feudal Age
16:03 Castle Age
13:57 Double-Bit Axe
13:54 Horse Collar
14:06 Gold Mining
16:35 Loom
21:14 Imperial Age
19:14 Bow Saw
21:08 Padded Archer Armor
29:15 Wheelbarrow
29:16 Leather Archer Armor
31:08 Hand Cart
35:53 Heavy Plow
36:53 Two-Man Saw
39:05 Stone Mining
40:18 Caravan
43:27 Gold Shaft Mining
43:27 Bloodlines
43:18 Husbandry
43:31 Town Watch
44:06 Capped Ram
45:45 Ring Archer Armor
Connection lost

Rejoining the realm…

Still unreachable

The connection could not be restored.

Session expired

The server has moved on; the page needs a fresh start.